Map: Emerald City LE

Players

BoPelini

  • Race: Protoss Protoss
  • League: Gold
  • Spawn Location: 11:00

DanCo

  • Race: Terran Terran
  • Spawn Location: 11:00

MattBarry - Winner!

  • Race: Terran Terran
  • Spawn Location: 5:00

MattBarry - Winner!

  • Race: Zerg Zerg
  • Spawn Location: 5:00

VOD

Have the link to the VOD?

Description

Time

  • Played on: Dec. 22, 2022, 10:18 p.m.
  • Length: 16:19
Show
View Real Time Build Order
Export as new Build Order

BoPelini Protoss 

Build Orders:  

Get SALT Encoding   

  12  0:00  Probe  
  13  0:12  Probe  
  14  0:19  Pylon  
  14  0:24  Probe  
  15  0:37  Probe  
  15  0:41  Forge  
  16  0:49  Probe (Chrono Boost)  
  17  0:57  Gateway  
  17  1:01  Probe (Chrono Boost)  
  18  1:05  Assimilator  
  18  1:10  Probe (Chrono Boost)  
  19  1:17  Photon Cannon  
  19  1:21  Probe  
  20  1:30  Assimilator  
  20  1:33  Probe  
  21  1:45  Probe  
  22  1:53  Cybernetics Core  
  22  1:57  Pylon  
  22  1:59  Probe  
  23  2:06  Pylon  
  23  2:22  Gateway  
  23  2:29  Warp Gate (Chrono Boost)  
  23  2:30  Stargate  
  23  2:41  Gateway  
  23  2:45  Pylon  
  23  3:04  Protoss Ground Armor Level 1  
  23  3:05  Zealot  
  25  3:09  Stalker  
  31  3:21  Void Ray (Chrono Boost)  
  31  3:45  Gateway  
  31  4:00  Void Ray (Chrono Boost)  
  35  4:02  Pylon  
  35  4:27  Zealot x2  
  35  4:30  Zealot  
  45  4:31  Void Ray (Chrono Boost)  
  45  4:50  Pylon  
  49  5:09  Void Ray  
  49  5:14  Zealot, Stalker  
  53  5:27  Photon Cannon  
  53  5:37  Stalker  
  53  5:38  Stalker  
  53  5:39  Zealot  
  63  5:59  Void Ray  
  53  7:06  Stalker  
  53  7:07  Zealot x2, Stalker  
  47  7:10  Void Ray  
  41  7:28  Stalker x2  
  45  7:30  Stalker  
  51  7:53  Void Ray  
  51  7:55  Nexus  
  51  8:01  Pylon  
  51  8:23  Stalker  
  51  8:24  Stalker  
  55  8:52  Stalker  
  55  8:53  Stalker x2  
  61  8:58  Stalker  
  61  9:28  Void Ray  
  61  9:35  Stalker  
  61  10:12  Stalker x2  
  65  10:31  Void Ray (Chrono Boost)  
  65  10:35  Probe  
  71  10:42  Probe  
  71  10:47  Probe  
  72  10:55  Probe  
  73  10:59  Probe  
  78  11:07  Void Ray (Chrono Boost)  
  78  11:08  Assimilator  
  78  11:12  Assimilator  
  78  11:34  Probe x2  
  78  11:39  Stalker x2  
  84  11:43  Zealot  
  86  11:49  Probe x2  
  78  12:06  Twilight Council  
  78  12:41  Probe x2  
  78  12:43  Nexus  
  80  12:47  Assimilator  
  80  12:52  Assimilator  
  80  12:53  Stargate, Probe  
  81  13:06  Fleet Beacon  
  81  13:14  Probe  
  81  13:17  Pylon  
  82  13:39  Protoss Air Weapons Level 1  
  82  13:50  Nexus  
  82  13:51  Probe x2  
  82  13:53  Assimilator  
  82  13:54  Pylon  
  84  14:03  Probe  
  84  14:06  Tempest (Chrono Boost)  
  90  14:17  Tempest (Chrono Boost)  
  87  14:38  Stalker  
  87  14:39  Stalker x2  
  54  15:00  Stalker  
  43  15:13  Stalker  
  45  15:14  Stalker  
  45  15:15  Stalker  
Show
View Real Time Build Order
Export as new Build Order

DanCo Terran 

Build Orders:  

Get SALT Encoding   

  12  0:00  SCV  
  13  0:13  Supply Depot  
  13  0:18  SCV  
  14  0:32  SCV  
  15  0:37  Barracks  
  15  0:44  SCV  
  16  0:56  SCV  
  17  0:58  Barracks  
  17  1:04  Refinery  
  17  1:08  Refinery  
  17  1:09  SCV  
  18  1:19  Supply Depot  
  18  1:22  SCV  
  19  1:40  Orbital Command  
  19  1:44  Barracks Reactor  
  19  1:53  Barracks Reactor  
  19  2:01  Barracks  
  19  2:06  SCV  
  20  2:13  Engineering Bay  
  20  2:18  SCV  
  20  2:21  Marine x2  
  23  2:31  Marine  
  23  2:32  Marine  
  25  2:40  Terran Infantry Weapons Level 1  
  25  2:45  Supply Depot, Marine x2  
  25  2:49  Barracks Tech Lab  
  27  2:54  SCV  
  28  3:00  Marine x2  
  28  3:04  Marine  
  31  3:06  Marine  
  31  3:08  Supply Depot  
  32  3:13  Combat Shield  
  32  3:17  Marauder  
  34  3:21  Marine  
  34  3:25  Marine  
  36  3:27  Marine  
  36  3:28  Marine  
  36  3:32  SCV  
  39  3:37  Supply Depot  
  39  3:42  Marauder  
  39  3:43  Marine  
  39  3:47  Marine  
  43  3:49  Marine  
  44  4:01  Marine  
  44  4:02  Marine  
  46  4:07  Supply Depot  
  46  4:09  Marine x2  
  48  4:11  Marauder  
  48  4:13  SCV  
  51  4:21  Marine x2  
  53  4:33  Marine x2  
  53  4:34  Terran Infantry Armor Level 1, Marauder  
  57  4:46  Factory  
  57  5:06  Command Center  
  57  5:12  Marine x4  
  61  5:18  Marauder  
  63  5:24  Stimpack  
  63  5:33  Supply Depot  
  63  5:54  Marine x4, SCV  
  68  6:06  Marine  
  69  6:12  Marine x2  
  71  6:22  Marine  
  71  6:23  Marine x2  
  74  6:30  Marine x2  
  76  6:40  Marine x2  
  76  6:41  Marine  
  79  6:50  Marine x2  
  80  6:58  Marine x2  
  45  7:09  Marine x3  
  42  7:16  Marine x2  
  42  7:18  Orbital Command  
  42  7:22  Command Center  
  42  7:27  Marine x3  
  45  7:39  Starport  
  45  7:40  Factory Tech Lab  
  45  7:43  SCV  
  46  7:53  SCV  
  46  7:55  SCV  
  48  8:01  Refinery  
  48  8:02  Refinery  
  48  8:05  SCV  
  48  8:07  SCV  
  48  8:09  Marine x3  
  53  8:18  SCV  
  53  8:19  SCV  
  44  8:49  Marine x3  
  44  8:50  Marine x2  
  44  8:52  Planetary Fortress  
  44  8:55  Command Center  
  49  9:07  Marine x4  
  49  9:08  Marine  
  54  9:25  Marine x5  
  59  9:33  Starport  
  59  9:34  SCV  
  60  9:43  Marine x5  
  65  10:00  Marine  
  65  10:01  Marine x4  
  70  10:18  Marine x2  
  70  10:19  Marine x3, Starport Tech Lab x2  
  75  10:23  Fusion Core  
  75  10:24  SCV x3  
  78  10:29  Orbital Command  
  78  10:36  Marine x4, SCV  
  78  10:37  Marine, SCV x2  
  86  10:48  SCV  
  86  10:49  SCV x2  
  89  10:54  Marine  
  90  11:00  SCV  
  91  11:05  Missile Turret, SCV  
  91  11:06  Missile Turret, SCV x2  
  91  11:08  Missile Turret  
  91  11:09  Missile Turret  
  94  11:13  Battlecruiser  
  100  11:27  Marine x5  
  105  11:33  Battlecruiser  
  105  11:36  Supply Depot x2  
  105  11:37  Supply Depot  
  111  11:45  Marine  
  112  11:49  SCV x3  
  112  11:50  Orbital Command  
  115  12:01  SCV x2  
  115  12:04  Marine x2  
  115  12:05  Marine  
  115  12:08  SCV  
  114  12:13  SCV  
  114  12:14  SCV  
  105  12:20  SCV  
  96  12:26  Marine x5  
  96  12:40  Refinery x2  
  96  12:43  Marine  
  96  12:44  Marine x3  
  98  12:45  Battlecruiser x2  
  112  12:59  SCV x4  
  116  13:11  SCV  
  117  13:18  Marine x3  
  117  13:19  Marine x2  
  122  13:24  Supply Depot x2  
  122  13:25  SCV x4  
  126  13:27  Command Center  
  126  13:28  Command Center  
  126  13:55  Battlecruiser x2  
  138  14:06  Marine x3  
  138  14:07  Marine  
  138  14:08  Marine  
  143  14:13  Weapon Refit  
  143  14:15  Siege Tank  
  146  14:39  Marine x4  
  146  14:40  Marine  
  146  14:42  Planetary Fortress  
  149  14:46  Planetary Fortress  
  107  14:57  Marine x5  
  107  14:58  Refinery  
  107  14:59  Battlecruiser x2  
  102  15:01  Refinery  
  101  15:08  Armory  
  101  15:10  Armory  
  101  15:14  Marine  
  101  15:15  Marine  
  78  15:37  SCV x2  
  78  15:38  SCV x2  
  82  15:49  Marine x5  
Show
View Real Time Build Order
Export as new Build Order

MattBarry Terran - Winner!

Build Orders: Mech 

Get SALT Encoding   

  12  0:00  SCV  
  13  0:12  SCV  
  14  0:17  Supply Depot  
  14  0:24  SCV  
  15  0:39  SCV  
  15  0:41  Barracks  
  16  0:51  SCV  
  17  1:01  Refinery  
  17  1:03  SCV  
  18  1:16  SCV  
  19  1:29  Orbital Command  
  19  1:30  Marine  
  20  1:37  Supply Depot  
  20  1:48  Command Center  
  20  1:50  Marine  
  21  1:54  SCV  
  22  2:05  Factory  
  22  2:07  SCV  
  23  2:19  SCV  
  23  2:21  Barracks Reactor  
  24  2:31  SCV  
  24  2:35  Refinery  
  25  2:43  SCV  
  26  2:46  Supply Depot  
  26  2:50  Widow Mine  
  28  3:05  SCV  
  29  3:17  Orbital Command  
  29  3:23  SCV  
  30  3:30  Hellion x2  
  30  3:31  Factory  
  30  3:32  Barracks Tech Lab  
  34  3:35  SCV  
  35  3:44  SCV  
  35  3:47  SCV  
  37  3:49  Refinery  
  37  3:53  Hellion x2  
  41  3:58  SCV  
  41  3:59  SCV  
  43  4:11  SCV x2  
  43  4:14  Hellion x2  
  49  4:23  SCV  
  49  4:24  SCV  
  51  4:28  Factory  
  51  4:35  SCV  
  51  4:36  SCV  
  51  4:37  Armory  
  53  4:39  Engineering Bay  
  53  4:47  SCV  
  54  4:53  SCV  
  54  4:55  Hellion  
  54  4:59  SCV  
  54  5:02  Hellion, Siege Tank  
  54  5:04  Supply Depot  
  54  5:05  Supply Depot, SCV  
  60  5:12  Factory Tech Lab  
  60  5:30  Siege Tank  
  60  5:33  Widow Mine x2  
  60  5:34  Siege Tank  
  70  5:36  Infernal Pre-Igniter  
  70  5:44  SCV x2  
  70  5:48  Refinery  
  72  5:56  SCV  
  73  5:58  Hellion x2  
  77  6:12  Supply Depot, Thor  
  77  6:13  Thor  
  89  6:24  Widow Mine x2  
  90  6:44  Missile Turret  
  90  6:46  Missile Turret  
  90  6:47  Missile Turret  
  90  6:55  Thor  
  90  6:56  Thor  
  93  7:08  Hellion x2  
  87  7:31  Terran Vehicle Weapons Level 1  
  87  7:38  Siege Tank  
  87  7:39  Siege Tank  
  93  7:44  Factory  
  93  7:45  Starport  
  93  7:52  SCV x2  
  95  8:04  SCV  
  96  8:14  SCV  
  96  8:16  SCV  
  98  8:26  SCV  
  99  8:32  Command Center  
  95  8:39  Siege Tank x2  
  74  9:22  Siege Tank  
  74  9:23  Siege Tank  
  68  9:48  Starport Reactor  
  68  9:49  Factory Tech Lab  
  68  9:55  Siege Tank x2  
  74  10:02  Factory  
  74  10:04  Factory  
  73  10:20  Hellion x2  
  77  10:23  Thor  
  83  10:37  Missile Turret  
  83  10:38  Missile Turret, Viking x2  
  83  10:39  Missile Turret x2  
  88  10:42  SCV  
  88  10:43  SCV  
  89  10:54  SCV  
  89  10:55  SCV  
  95  10:57  Hellion x4  
  99  11:06  Hellion  
  99  11:07  SCV  
  102  11:15  Viking x2, SCV  
  109  11:18  Hellion  
  109  11:20  Hellion  
  109  11:25  Supply Depot x2, Thor x2  
  123  11:43  Supply Depot, Terran Vehicle Weapons Level 2  
  123  11:44  Supply Depot  
  123  11:46  Supply Depot, Thor  
  117  12:25  Thor x2  
  117  12:29  Thor  
  135  13:02  Command Center x2  
  135  13:05  Hellion x2  
  139  13:08  Thor  
  139  13:09  Hellion  
  139  13:12  Hellion  
  149  13:20  Factory Tech Lab x2  
  152  13:41  Siege Tank x3  
  152  13:42  Hellion x2  
  152  13:43  Hellion  
  164  14:13  Siege Tank x2  
  168  14:30  Thor  
  144  15:00  Thor  
  142  15:25  Thor  
  142  15:26  Hellion x2  
  142  15:27  Hellion x2  
  150  15:54  Refinery  
  150  15:55  Refinery  
Show
View Real Time Build Order
Export as new Build Order

MattBarry Zerg - Winner!

Build Orders: Hatch First 

Get SALT Encoding   

  12  0:00  Drone  
  13  0:15  Overlord  
  13  0:17  Drone  
  14  0:35  Drone x2  
  16  0:53  Hatchery  
  15  1:10  Drone  
  16  1:11  Drone  
  16  1:13  Drone  
  18  1:27  Extractor  
  17  1:36  Spawning Pool  
  16  1:50  Drone  
  16  1:51  Drone  
  16  1:52  Drone  
  19  2:02  Drone  
  20  2:14  Drone x2  
  22  2:26  Queen  
  24  2:30  Queen  
  24  2:32  Zergling x4  
  28  2:38  Overlord  
  28  2:39  Metabolic Boost  
  28  2:56  Hatchery  
  27  3:12  Queen  
  29  3:19  Drone x3  
  33  3:20  Drone x2  
  33  3:21  Drone  
  35  3:43  Drone  
  35  3:44  Overlord  
  35  3:45  Overlord  
  36  3:57  Extractor  
  35  4:04  Drone x3  
  35  4:05  Drone x3  
  35  4:08  Queen  
  43  4:41  Spore Crawler  
  43  4:44  Spore Crawler  
  41  4:53  Drone x2  
  43  5:17  Roach Warren  
  43  5:20  Zergling x10  
  47  5:24  Zergling x2  
  47  5:25  Zergling x20  
  47  5:26  Overlord  
  58  5:28  Overlord  
  58  5:30  Overlord  
  57  5:52  Hatchery  
  56  6:05  Roach  
  56  6:06  Roach x5  
  56  6:07  Roach  
  56  6:09  Lair  
  70  6:14  Pneumatized Carapace  
  70  6:30  Evolution Chamber  
  69  6:33  Evolution Chamber  
  68  6:54  Drone x2  
  68  6:55  Drone x4  
  47  7:20  Extractor  
  46  7:25  Overlord  
  46  7:26  Overlord  
  46  7:34  Hydralisk Den  
  46  7:36  Hydralisk Den  
  44  7:49  Extractor  
  43  7:58  Hatchery  
  42  8:19  Hydralisk  
  42  8:20  Hydralisk x6  
  42  8:21  Hydralisk x2  
  42  8:22  Hydralisk  
  42  8:25  Zerg Missile Weapons Level 1  
  62  8:33  Grooved Spines  
  62  8:42  Muscular Augments  
  62  9:21  Hydralisk  
  62  9:22  Hydralisk x6  
  72  9:32  Hydralisk  
  72  9:33  Hydralisk x2  
  72  9:48  Drone x2  
  72  9:49  Drone  
  75  9:59  Extractor  
  74  10:00  Queen  
  74  10:01  Spore Crawler  
  74  10:05  Spore Crawler  
  74  10:09  Zergling x20  
  84  10:39  Zerg Missile Weapons Level 2  
  84  10:42  Evolution Chamber  
  83  10:48  Zerg Ground Armor Level 1  
  84  10:52  Infestation Pit  
  83  11:03  Hydralisk  
  85  11:04  Hydralisk x9  
  85  11:05  Overlord x2  
  98  12:10  Drone x4  
  98  12:11  Drone x2, Overlord x3  
  80  12:25  Hydralisk x2  
  80  12:26  Hydralisk  
  86  12:54  Overseer  
  86  12:55  Overseer  
  86  12:56  Hatchery  
  85  13:08  Zerg Ground Armor Level 2  
  85  13:13  Hive  
  85  13:21  Drone  
  85  13:22  Drone x2  
  85  13:23  Drone  
  89  13:53  Zergling x2, Drone  
  89  13:54  Drone x8  
  89  13:55  Drone  
  100  14:10  Drone x3  
  100  14:11  Drone x2, Overlord  
  89  14:48  Lurker Den  
  62  14:57  Hydralisk  
  62  14:58  Hydralisk x9  
  62  14:59  Hydralisk  
  84  15:20  Queen  
  86  15:24  Drone  
  86  15:26  Drone x4  
  91  15:30  Hydralisk  
  91  15:31  Hydralisk x2  
Tags
 
Composition
Mech
League
Gold
Replay Pack
Multiplayer
Add a new tag
Caveats
  • Supply blocks, unpowered buildings, or Contaminate may cause inaccurate times.
  • Supply counts are checked every 10 seconds.